 Dungeon Crawl Stone Soup version 0.30.0-10-gfe55d96785 (webtiles) character file.

Game seed: 8956798940061872923

8495 Kranky the Spear-Bearer (level 11, -2/101 HPs)
             Began as a Minotaur Gladiator on May 13, 2023.
             Was a Believer of Qazlal.
             Slain by a wyvern (10 damage)
             ... on level 10 of the Dungeon.
             The game lasted 00:21:36 (9485 turns).

Kranky the Spear-Bearer (Minotaur Gladiator)        Turns: 9485, Time: 00:21:36

Health: -2/101     AC: 10    Str: 39    XL:     11   Next: 10%
Magic:  11/11      EV: 12    Int:  5    God:    Qazlal [**....]
Gold:   178        SH:  9    Dex: 12    Spells: 10/10 levels left

rFire   + . .        v - +2 spear of Gluttony {heavy, Str+4 SInv}
rCold   + . .        k - +0 buckler
rNeg    . . .        M - +0 scale mail {Will+}
rPois   .            c - +0 hat
rElec   .            t - scarf {rC+ rF+}
rCorr   .            (no gloves)
SInv    +            n - +0 pair of boots
Will    +....        (no amulet) Stlth
                     u - +6 ring of strength
HPRegen 0.36/turn    x - +6 ring of strength
MPRegen 0.12/turn

%: no passive effects
@: no status effects
A: horns 2, retaliatory headbutt
a: Renounce Religion, Upheaval


You were on level 10 of the Dungeon.
You worshipped Qazlal.
Qazlal was pleased with you.
You visited 2 branches of the dungeon, and saw 11 of its levels.
You also visited: Sewer.

You collected 559 gold pieces.
You spent 381 gold pieces at shops.

Inventory:

Hand Weapons
 v - the +2 spear of Gluttony (weapon) {heavy, Str+4 SInv}
   (You found it on level 4 of the Dungeon)

   Str:       It affects your strength (+4).
   SInv:      It lets you see invisible.
Missiles
 d - 3 throwing nets (quivered)
 e - 4 javelins
Armour
 c - a +0 hat (worn)
 k - a +0 buckler (worn)
 n - a +0 pair of boots (worn)
 t - a scarf of resistance (worn)
 M - a +0 scale mail of willpower (worn)
Jewellery
 u - a +6 ring of strength (left hand)
 x - a +6 ring of strength (right hand)
 J - a +6 ring of dexterity
Wands
 a - a wand of iceblast (7)
 O - a wand of flame (14)
Scrolls
 g - 8 scrolls of teleportation
 i - a scroll of brand weapon {unknown}
 j - 2 scrolls of immolation
 l - 3 scrolls of blinking
 q - a scroll of magic mapping
 r - a scroll of amnesia
 w - 4 scrolls of poison
 y - 3 scrolls of enchant weapon {unknown}
 B - 2 scrolls of fog
 C - a scroll of fear
 E - a scroll of torment {unknown}
 G - 2 scrolls of vulnerability
 I - 4 scrolls of noise
 K - 4 scrolls of identify
 P - a scroll of silence {unknown}
Potions
 b - a potion of cancellation {unknown}
 f - a potion of magic
 h - 5 potions of flight
 m - 8 potions of curing
 o - 5 potions of berserk rage
 p - 3 potions of ambrosia
 s - a potion of degeneration
 z - a potion of resistance
 A - 4 potions of haste
 F - 2 potions of lignification
 H - a potion of attraction
 L - 2 potions of might
 N - 3 potions of brilliance {unknown}


   Skills:
 + Level 10.6 Fighting
 + Level 10.9 Polearms
 - Level 2.2 Throwing
 + Level 10.2 Armour
 - Level 3.5 Dodging
 + Level 10.1 Shields
 + Level 1.5 Invocations


You had 10 spell levels left.
You didn't know any spells.
Your spell library contained the following spells:

 Spells                   Type           Power      Damage    Failure   Level
 Shock                    Conj/Air       0%         1d3       67%         1
 Call Imp                 Summ           0%         N/A       80%         2
 Cigotuvi's Dreadful Rot  Necr/Pois/Air  0%         N/A       80%         2
 Lesser Beckoning         Tloc           0%         N/A       80%         2
 Ignite Poison            Fire/Tmut/Pois 0%         N/A       95%         3
 Swiftness                Air            0%         N/A       95%         3
 Airstrike                Air            0%         2d(0-16)  100%        4
 Summon Lightning Spire   Summ/Air       0%         N/A       100%        4
 Freezing Cloud           Conj/Ice/Air   0%         6-21      100%        5
 Dispersal                Tloc           0%         N/A       100%        6


Dungeon Overview and Level Annotations

Branches:
Dungeon (10/15)            Temple (1/1) D:7            Lair (0/5) D:8
  Sewer (visited)
    Orc: D:9-12

Altars:
Ashenzari
Cheibriados
Dithmenos
Elyvilon
Fedhas
Gozag
Hepliaklqana
Kikubaaqudgha
Makhleb
Okawaru
Qazlal
Ru
Sif Muna
Trog
Uskayaw
Vehumet
Wu Jian
Xom
Yredelemnul
Zin
The Shining One

Shops:
D:3 ?   D:4 *   D:7 :*?


Innate Abilities, Weirdness & Mutations

You have a pair of horns on your head.
You reflexively headbutt those who attack you in melee.


Message History

The deep elf pyromancer blinks!
You feel sick.
A wyvern comes into view.
The wyvern moves out of view.
You feel sick.
You feel sick.
You feel sick.
You see here a +0 club.
You feel sick.
You are no longer poisoned.
The orc wizard gestures at you while chanting.
The magic dart hits you!
* * * LOW HITPOINT WARNING * * *
The deep elf pyromancer gestures wildly while chanting.
The orc wizard gestures at you while chanting.
The puff of flame hits you. You resist.
* * * LOW HITPOINT WARNING * * *
The wyvern attacks as you move away! The wyvern completely misses you.
You furiously retaliate!
You headbutt the wyvern.
The orc wizard mumbles some strange words.
The orc wizard flickers and vanishes for a moment.
You see here a +0 trident.
The wyvern closely misses you. You furiously retaliate!
You headbutt the wyvern!! You block the wyvern's attack.
The wyvern attacks as you move away! You block the wyvern's attack.
The wyvern barely misses you. The fire elemental hits you.
* * * LOW HITPOINT WARNING * * *
The fire elemental burns you! You resist.
* * * LOW HITPOINT WARNING * * *
You block the wyvern's attack.
Items here: ))) †.
Items here: )) ††.
The wyvern bites you.
* * * LOW HITPOINT WARNING * * *
The wyvern attacks as you move away! You block the wyvern's attack.
The wyvern attacks as you move away! You block the wyvern's attack.
The wyvern bites you but does no damage.
The fire elemental disappears in a puff of smoke!
The wyvern bites you!
You die...

#### ○○.# ##E# #l#
######### #○#
####.°°)E§.# #○#
#....o#○○#.#
##☼####.....#..#l#
...#.....#..#..#@#
#.......)#..####.#
#.....#..#..#..#.#
#.....#..####..#.#
#..#..#..#..#..#.##
#..#..####..#.....#
##.#..#..#..#.....#
#.####..#.....##.#
#.#..#..#........#


You could see a wyvern.

Vanquished Creatures
  A centaur warrior (D:10)
  4 two-headed ogres
  A cyclops (D:10)
  A troll (D:9)
  2 hornets
  Prince Ribbit (D:9)
  A vampire (D:8)
  A shadow (D:6)
  A yak (D:10)
  A wraith (D:9)
  A vampire mosquito (D:10)
  3 orc warriors
  2 black bears
  2 ogres
  2 centaurs
  6 kobold brigands
  10 bullfrogs
  2 scorpions
  A gnoll sergeant (D:10)
  6 wights
  9 killer bees
  2 howler monkeys
  3 hounds (D:5)
  2 jellies
  An orc priest (D:10)
  Jessica (D:2)
  3 iguanas
  5 orc wizards
  A sleepcap (D:5)
  11 gnolls
  9 adders
  7 river rats (Sewer)
  2 white imps (D:6)
  4 dart slugs
  17 orcs
  11 ball pythons
  12 endoplasms
  5 giant cockroaches
  11 goblins
  8 hobgoblins
  12 jackals
  8 quokkas
  9 bats
  5 frilled lizards
  23 kobolds
  7 rats
237 creatures vanquished.

Notes
Turn   | Place    | Note
-------+----------+-------------------------------------------
     0 | D:1      | Kranky the Minotaur Gladiator began the quest for the Orb.
     0 | D:1      | Reached XP level 1. HP: 18/18 MP: 0/0
    71 | D:1      | Reached XP level 2. HP: 25/25 MP: 1/1
   409 | D:2      | Reached skill level 1 in Armour
   409 | D:2      | Reached XP level 3. HP: 17/30 MP: 2/2
   411 | D:2      | Reached skill level 1 in Shields
   792 | D:2      | Reached XP level 4. HP: 36/38 MP: 3/3
   981 | D:2      | Noticed Jessica
   986 | D:2      | Killed Jessica
  1515 | D:3      | Reached XP level 5. HP: 41/46 MP: 4/4
  1520 | D:3      | Found a glowing drain.
  1534 | Sewer    | Entered a sewer
  1841 | Sewer    | Reached skill level 5 in Polearms
  1910 | Sewer    | Reached XP level 6. HP: 46/53 MP: 5/5
  2483 | D:3      | Found a glowing silver altar of Zin.
  2885 | D:3      | Found Peqyluish's Magic Scroll Shop.
  2893 | D:3      | Bought a scroll of teleportation for 39 gold pieces
  2893 | D:3      | Bought a scroll of identify for 26 gold pieces
  2902 | D:3      | Bought a scroll of identify for 26 gold pieces
  2902 | D:3      | Bought a scroll of identify for 26 gold pieces
  3089 | D:4      | Reached XP level 7. HP: 59/60 MP: 6/6
  3091 | D:4      | Reached skill level 5 in Fighting
  3158 | D:4      | Found Xattasoz's Assorted Antiques.
  3222 | D:4      | Identified the +2 spear of Gluttony {heavy, Str+4 SInv}
  3824 | D:5      | Entered Level 5 of the Dungeon
  3943 | D:5      | Reached skill level 5 in Armour
  4040 | D:5      | Reached skill level 5 in Shields
  4135 | D:5      | Reached XP level 8. HP: 55/70 MP: 7/7
  5152 | D:6      | Identified the +3 scale mail "Xyrudd" {-Tele Rampage Str+8
                  | Stlth+}
  5358 | D:7      | Found Tamyosiv's Assorted Antiques.
  5528 | D:7      | Found a staircase to the Ecumenical Temple.
  5768 | D:7      | Reached XP level 9. HP: 69/79 MP: 8/8
  5775 | Temple   | Entered the Ecumenical Temple
  6090 | Temple   | Became a worshipper of Qazlal Stormbringer
  6292 | D:7      | Found Mocli's Book Boutique.
  6540 | D:7      | Found Ixkyogra's Magic Scroll Boutique.
  6546 | D:7      | Bought a scroll of identify for 24 gold pieces
  6546 | D:7      | Bought a scroll of identify for 24 gold pieces
  6546 | D:7      | Bought a scroll of blinking for 90 gold pieces
  6770 | D:7      | Bought a scroll labelled NOALAX EGEE for 27 gold pieces
  6770 | D:7      | Bought a glowing emerald potion for 24 gold pieces
  6770 | D:7      | Bought a scroll labelled NOALAX EGEE for 27 gold pieces
  6770 | D:7      | Bought 2 orange potions for 48 gold pieces
  6971 | D:8      | Found a staircase to the Lair.
  7644 | D:9      | Reached * piety under Qazlal
  7822 | D:9      | Noticed Prince Ribbit
  7832 | D:9      | Killed Prince Ribbit
  7929 | D:9      | Noticed a two-headed ogre
  7936 | D:9      | Killed a two-headed ogre
  7937 | D:9      | Reached XP level 10. HP: 47/91 MP: 9/9
  9018 | D:10     | Entered Level 10 of the Dungeon
  9116 | D:10     | Noticed a two-headed ogre
  9125 | D:10     | Killed a two-headed ogre
  9126 | D:10     | Reached skill level 10 in Polearms
  9177 | D:10     | Found a shimmering blue altar of Sif Muna.
  9177 | D:10     | Found a broken altar of Ashenzari.
  9196 | D:10     | Noticed a two-headed ogre
  9204 | D:10     | Killed a two-headed ogre
  9205 | D:10     | Reached skill level 10 in Fighting
  9312 | D:10     | Got the Codex of the Band and Dislocation
  9348 | D:10     | Reached ** piety under Qazlal
  9404 | D:10     | Noticed a two-headed ogre
  9410 | D:10     | Killed a two-headed ogre
  9414 | D:10     | Noticed a cyclops
  9417 | D:10     | Noticed a centaur warrior
  9421 | D:10     | Noticed a deep elf pyromancer
  9422 | D:10     | Reached skill level 10 in Armour
  9430 | D:10     | Killed a cyclops
  9431 | D:10     | Reached skill level 10 in Shields
  9431 | D:10     | Reached XP level 11. HP: 61/101 MP: 10/10
  9438 | D:10     | Killed a centaur warrior
  9439 | D:10     | Reached skill level 1 in Invocations
  9485 | D:10     | Slain by a wyvern

Illustrated notes

Levels and vault maps discovered:
D:1:      mainiacjoe_arrival_reflecting_pool, layout_rooms, minmay_misc_feat_chi
D:2:      minmay_chambers_of_twos, layout_loops_cross, serial_glass,
          glass_columns_a, glass_columns_b, minmay_tromino_i4, uniq_jessica
D:3:      layout_loops_ring, lemuel_coloured_pillars_altar, serial_shops,
          shop_scrolls, portal_sewer_entry_f, minmay_joined_circles
D:4:      layout_loops_ring, serial_shops, nicolae_shop_stone,
          corexii_hall_statues_i, minivault_26, minmay_misc_feat_room
D:5:      black_bear_nest_2, layout_rooms
D:6:      layout_basic
D:7:      layout_basic, minmay_temple_entry_junction, serial_shops,
          nicolae_shop_peninsula, shop, shop
D:8:      layout_basic, grunt_lair_entry_orc_guard_hut
D:9:      layout_basic, uniq_prince_ribbit1
D:10:     cheibrodos_fzero, layout_loops_ring,
          mainiacjoe_overflow_small_starburst,
          gammafunk_temple_overflow_elements, orc_0_dummy,
          hangedman_abyss_or_decor_stagger, uniq_lodul
Temple:   hc_temple_tempest_star

Skill      XL: |  1  2  3  4  5  6  7  8  9 10 11 |
---------------+----------------------------------+-----
Polearms       | 4 5 6 7 9 10 | 10.9
Armour         | 1 2 3 4 5 6 8 10 | 10.2
Fighting       | 3 4 6 7 9 10 | 10.6
Shields        | 1 2 3 5 6 8 10 | 10.1
Invocations    | 1 |  1.5
Throwing       | |  2.2
Dodging        | |  3.5

Action                     |  1- 3 |  4- 6 |  7- 9 | 10-12 || total
---------------------------+-------+-------+-------+-------++-------
  Melee: Trident           |    69 |   179 |    63 |       ||   311
         Headbutt          |     5 |    28 |    31 |    28 ||    92
         Spear             |       |       |   205 |   106 ||   311
    Use: Scroll            |       |     7 |    13 |       ||    20
         Potion            |       |       |       |     2 ||     2
 Armour: Leather armour    |     2 |       |       |       ||     2
         Ring mail         |    10 |    39 |    17 |       ||    66
         Scale mail        |       |       |    35 |    18 ||    53
  Dodge: Dodged            |    29 |    91 |    99 |    35 ||   254
  Block: Buckler           |     7 |    26 |    53 |    33 ||   119
